BSA
KALAMAZOO ROYALE WITH CHEESE @ KANSAS CITY KINGS
07/19/2029
 
TOP OF THE 1ST
Kalamazoo Royale with Cheese batting - Pitching for Kansas City Kings : RHP Carlos Pacheco
Pitching: RHP Carlos Pacheco
Batting: LHB Javier Espinoza 0-0: Called Strike
0-1: Swinging Strike
0-2: Strikes out swinging
Batting: SHB Caden Keith 0-0: Ball
1-0: Foul Ball, location: 2F
1-1: Foul Ball, location: 2F
1-2: Ball
2-2: Foul Ball, location: 2F
2-2: Ground out 5-3 (Groundball, 56)
Batting: LHB Vincente Sáenz 0-0: Foul Ball, location: 2F
0-1: Ball
1-1: DOUBLE (Flyball, 89D)
Batting: LHB Roberto Sandoval 0-0: Foul Ball, location: 2F
0-1: Ball
1-1: Fly out, F4 (Line Drive, 4)
Top of the 1st over - 0 runs, 1 hit, 0 errors, 1 left on base; Kalamazoo 0 - Kansas City 0
BOTTOM OF THE 1ST
Kansas City Kings batting - Pitching for Kalamazoo Royale with Cheese : RHP Jason Taylor
Pitching: RHP Jason Taylor
Batting: RHB Chris Chandler 0-0: Ball
1-0: Foul Ball, location: 2F
1-1: Ball
2-1: Foul Ball, location: 2F
2-2: Foul Ball, location: 2F
2-2: Foul Ball, location: 2F
2-2: SINGLE (Groundball, 6MD)
Batting: SHB Douglas Taylor 0-0: Fielders Choice at 2nd, 4-6 (Groundball, 4)
Batting: RHB Toshimichi Kono 0-0: Ball
1-0: Called Strike
1-1: Ball
2-1: Ball
3-1: Called Strike
3-2: Ground out 4-3 (Groundball, 34)
Douglas Taylor to second
Batting: RHB Jeremy Carr 0-0: Called Strike
0-1: Fly out, F8 (Flyball, 8RXD)
Bottom of the 1st over - 0 runs, 1 hit, 0 errors, 1 left on base; Kalamazoo 0 - Kansas City 0
TOP OF THE 2ND
Kalamazoo Royale with Cheese batting - Pitching for Kansas City Kings : RHP Carlos Pacheco
Batting: RHB Zander Tremblett 0-0: Ball
1-0: Foul Ball, location: 2F
1-1: Called Strike
1-2: Ball
2-2: Ball
3-2: Base on Balls
Batting: LHB Bill McJannett 0-0: Ball
1-0: Foul Ball, location: 2F
1-1: Foul Ball, location: 2F
1-2: Ball
2-2: Foul Ball, location: 2F
2-2: Grounds into double play, 6-4-3 (Groundball, 6)
Batting: LHB Bob Martin 0-0: Called Strike
0-1: Ball
1-1: Swinging Strike
1-2: Strikes out swinging
Top of the 2nd over - 0 runs, 0 hits, 0 errors, 0 left on base; Kalamazoo 0 - Kansas City 0
BOTTOM OF THE 2ND
Kansas City Kings batting - Pitching for Kalamazoo Royale with Cheese : RHP Jason Taylor
Batting: LHB Ron Crawford 0-0: Foul Ball, location: 2F
0-1: Ball
1-1: Foul Ball, location: 2F
1-2: Foul Ball, location: 2F
1-2: Foul Ball, location: 2F
1-2: Strikes out swinging
Batting: RHB Cy Keynes 0-0: Called Strike
0-1: Ball
1-1: Ball
2-1: Foul Ball, location: 2F
2-2: Foul Ball, location: 2F
2-2: Foul Ball, location: 2F
2-2: Ball
3-2: Foul Ball, location: 2F
3-2: Foul Ball, location: 2F
3-2: SINGLE (Groundball, 6MD)
Batting: LHB Luis González 0-0: Ball
1-0: Ball
2-0: Ball
3-0: Called Strike
3-1: Base on Balls
Cy Keynes to second
Batting: LHB Greg Schultz 0-0: Ball
1-0: Foul Ball, location: 2F
1-1: Foul Ball, location: 2F
1-2: Strikes out swinging
Batting: RHB Gregg Nelson 0-0: Foul Ball, location: 2F
0-1: Ground out 4-3 (Groundball, 4S)
Bottom of the 2nd over - 0 runs, 1 hit, 0 errors, 2 left on base; Kalamazoo 0 - Kansas City 0
TOP OF THE 3RD
Kalamazoo Royale with Cheese batting - Pitching for Kansas City Kings : RHP Carlos Pacheco
Batting: LHB Francisco Calderón 0-0: Called Strike
0-1: Called Strike
0-2: Ball
1-2: Ball
2-2: Fly out, F8 (Flyball, 8RM)
Batting: LHB Keith Tillman 0-0: Called Strike
0-1: SINGLE (Flyball, 7LM)
Batting: LHB Javier Espinoza 0-0: Ball
1-0: Foul Ball, location: 2F
1-1: Ball
2-1: Ball
3-1: Base on Balls
Keith Tillman to second
Batting: SHB Caden Keith 0-0: 3-RUN HOME RUN (Flyball, 8LXD), Distance : 408 ft
Batting: LHB Vincente Sáenz 0-0: Ball
1-0: Ball
2-0: Called Strike
2-1: Foul Ball, location: 2F
2-2: SINGLE (Groundball, 4D)
Batting: LHB Roberto Sandoval 0-0: Called Strike
0-1: Foul Ball, location: 2F
0-2: Strikes out swinging
Batting: RHB Zander Tremblett 0-0: Fly out, F8 (Flyball, 8RM)
Top of the 3rd over - 3 runs, 3 hits, 0 errors, 1 left on base; Kalamazoo 3 - Kansas City 0
BOTTOM OF THE 3RD
Kansas City Kings batting - Pitching for Kalamazoo Royale with Cheese : RHP Jason Taylor
Batting: RHB Chris Chandler 0-0: Called Strike
0-1: Swinging Strike
0-2: Foul Ball, location: 2F
0-2: Ball
1-2: Foul Ball, location: 2F
1-2: Foul Ball, location: 2F
1-2: Ball
2-2: Fly out, F7 (Flyball, 7S)
Batting: SHB Douglas Taylor 0-0: Fly out, F5 (Popup, 5SF)
Batting: RHB Toshimichi Kono 0-0: Ball
1-0: Ball
2-0: Ball
3-0: Called Strike
3-1: SOLO HOME RUN (Flyball, 7D), Distance : 373 ft
Batting: RHB Jeremy Carr 0-0: Foul Ball, location: 2F
0-1: Ball
1-1: Ball
2-1: Ball
3-1: Foul Ball, location: 2F
3-2: Strikes out swinging
Bottom of the 3rd over - 1 run, 1 hit, 0 errors, 0 left on base; Kalamazoo 3 - Kansas City 1
TOP OF THE 4TH
Kalamazoo Royale with Cheese batting - Pitching for Kansas City Kings : RHP Carlos Pacheco
Batting: LHB Bill McJannett 0-0: Called Strike
0-1: Foul Ball, location: 2F
0-2: Ball
1-2: Ball
2-2: Strikes out looking
Batting: LHB Bob Martin 0-0: Foul Ball, location: 2F
0-1: SINGLE (Line Drive, 89S)
Batting: LHB Francisco Calderón 0-0: Called Strike
0-1: Ball
1-1: Foul Ball, location: 2F
1-2: Foul Ball, location: 2F
1-2: Ball
2-2: 2-RUN HOME RUN (Flyball, 89XD), Distance : 371 ft
Batting: LHB Keith Tillman 0-0: Ground out 4-3 (Groundball, 4)
Batting: LHB Javier Espinoza 0-0: Called Strike
0-1: Ball
1-1: Ball
2-1: Ball
3-1: Called Strike
3-2: Fly out, F5 (Popup, 56S)
Top of the 4th over - 2 runs, 2 hits, 0 errors, 0 left on base; Kalamazoo 5 - Kansas City 1
BOTTOM OF THE 4TH
Kansas City Kings batting - Pitching for Kalamazoo Royale with Cheese : RHP Jason Taylor
Batting: LHB Ron Crawford 0-0: Swinging Strike
0-1: Swinging Strike
0-2: Ground out 5-3 (Groundball, 5S)
Batting: RHB Cy Keynes 0-0: Called Strike
0-1: Ball
1-1: Ball
2-1: Ball
3-1: Fly out, F4 (Popup, 4D)
Batting: LHB Luis González 0-0: Called Strike
0-1: Swinging Strike
0-2: Strikes out looking
Bottom of the 4th over - 0 runs, 0 hits, 0 errors, 0 left on base; Kalamazoo 5 - Kansas City 1
TOP OF THE 5TH
Kalamazoo Royale with Cheese batting - Pitching for Kansas City Kings : RHP Carlos Pacheco
Batting: SHB Caden Keith 0-0: Called Strike
0-1: Ball
1-1: SINGLE (Line Drive, 78S)
Pitching: LHP Rob Lucas
Batting: LHB Vincente Sáenz 0-0: Called Strike
0-1: Ball
1-1: Fly out, F4 (Line Drive, 4)
Batting: LHB Roberto Sandoval 0-0: Ball
1-0: Called Strike
1-1: Foul Ball, location: 2F
1-2: Foul Ball, location: 2F
1-2: Ball
Caden Keith steals 2nd base
2-2: Ball
3-2: Fly out, F3 (Popup, 3SF)
Batting: RHB Zander Tremblett 0-0: Ground out 3-1 (Groundball, 34S)
Top of the 5th over - 0 runs, 1 hit, 0 errors, 1 left on base; Kalamazoo 5 - Kansas City 1
BOTTOM OF THE 5TH
Kansas City Kings batting - Pitching for Kalamazoo Royale with Cheese : RHP Jason Taylor
Batting: LHB Greg Schultz 0-0: Called Strike
0-1: Foul Ball, location: 2F
0-2: Strikes out swinging
Batting: RHB Gregg Nelson 0-0: Foul Ball, location: 2F
0-1: Swinging Strike
0-2: Ball
1-2: Strikes out swinging
Batting: RHB Chris Chandler 0-0: Foul Ball, location: 2F
0-1: Foul Ball, location: 2F
0-2: Ball
1-2: Fly out, F7 (Flyball, 78D)
Bottom of the 5th over - 0 runs, 0 hits, 0 errors, 0 left on base; Kalamazoo 5 - Kansas City 1
TOP OF THE 6TH
Kalamazoo Royale with Cheese batting - Pitching for Kansas City Kings : LHP Rob Lucas
Batting: LHB Bill McJannett 0-0: Ball
1-0: Foul Ball, location: 2F
1-1: Swinging Strike
1-2: Foul Ball, location: 2F
1-2: Strikes out swinging
Batting: LHB Bob Martin 0-0: Ball
1-0: Called Strike
1-1: Called Strike
1-2: Ball
2-2: Strikes out looking
Batting: LHB Francisco Calderón 0-0: Called Strike
0-1: Ball
1-1: Ball
2-1: Swinging Strike
2-2: Ground out 5-3 (Groundball, 56)
Top of the 6th over - 0 runs, 0 hits, 0 errors, 0 left on base; Kalamazoo 5 - Kansas City 1
BOTTOM OF THE 6TH
Kansas City Kings batting - Pitching for Kalamazoo Royale with Cheese : RHP Jason Taylor
Batting: SHB Douglas Taylor 0-0: Called Strike
0-1: Ground out 3-1 (Groundball, 34S)
Batting: RHB Toshimichi Kono 0-0: Ball
1-0: Called Strike
1-1: Ball
2-1: Swinging Strike
2-2: Fly out, F9 (Flyball, 89S)
Batting: RHB Jeremy Carr 0-0: Ball
1-0: Ball
2-0: Ball
3-0: Called Strike
3-1: Foul Ball, location: 2F
3-2: DOUBLE (Flyball, 89D)
Pinch Runner at 2nd Oliver Lugo:
Batting: LHB Ron Crawford 0-0: Called Strike
0-1: Foul Ball, location: 2F
0-2: Strikes out looking
Bottom of the 6th over - 0 runs, 1 hit, 0 errors, 1 left on base; Kalamazoo 5 - Kansas City 1
TOP OF THE 7TH
Kalamazoo Royale with Cheese batting - Pitching for Kansas City Kings : LHP Rob Lucas
Now in LF: Oliver Lugo
Batting: LHB Keith Tillman 0-0: Foul Ball, location: 2F
0-1: Ball
1-1: Called Strike
1-2: SINGLE (Groundball, 56D)
Batting: LHB Javier Espinoza 0-0: Foul Ball, location: 2F
0-1: Ball
1-1: Foul Ball, location: 2F
1-2: Ball
2-2: Strikes out swinging
Batting: SHB Caden Keith 0-0: Called Strike
0-1: Ball
1-1: Ball
2-1: Ball
3-1: Base on Balls
Keith Tillman to second
Pitching: RHP Soichiro Ikeda
Batting: LHB Vincente Sáenz 0-0: Ball
1-0: Foul Ball, location: 2F
1-1: DOUBLE (Flyball, 8LXD)
Keith Tillman scores
Caden Keith to third
Batting: LHB Roberto Sandoval 0-0: Foul Ball, location: 2F
0-1: Called Strike
0-2: Strikes out swinging
Batting: RHB Zander Tremblett 0-0: Called Strike
0-1: Ground out 6-3 (Groundball, 6)
Top of the 7th over - 1 run, 2 hits, 0 errors, 2 left on base; Kalamazoo 6 - Kansas City 1
BOTTOM OF THE 7TH
Kansas City Kings batting - Pitching for Kalamazoo Royale with Cheese : RHP Jason Taylor
Pitching: LHP Terry Klassen
Batting: RHB Cy Keynes 0-0: Fly out, F8 (Line Drive, 8RS)
Batting: LHB Luis González 0-0: Called Strike
0-1: Ball
1-1: Foul Ball, location: 2F
1-2: Ball
2-2: SOLO HOME RUN (Flyball, 9LD), Distance : 363 ft
Batting: LHB Greg Schultz 0-0: Fly out, F7 (Flyball, 7D)
Batting: RHB Gregg Nelson 0-0: Foul Ball, location: 2F
0-1: Foul Ball, location: 2F
0-2: Foul Ball, location: 2F
0-2: SINGLE (Line Drive, 6D)
Batting: RHB Chris Chandler 0-0: SINGLE (Line Drive, 6D)
Gregg Nelson to second
Batting: SHB Douglas Taylor 0-0: Foul Ball, location: 2F
0-1: Ball
1-1: DOUBLE (Line Drive, 8LD)
Gregg Nelson scores
Chris Chandler to third
Runner from 3rd tries for Home, SAFE, no throw
Pitching: RHP Armen Boyajian
Batting: RHB Toshimichi Kono 0-0: Ball
1-0: Called Strike
1-1: Ground out 6-3 (Groundball, 6)
Bottom of the 7th over - 3 runs, 4 hits, 0 errors, 1 left on base; Kalamazoo 6 - Kansas City 4
TOP OF THE 8TH
Kalamazoo Royale with Cheese batting - Pitching for Kansas City Kings : RHP Soichiro Ikeda
Pitching: LHP Manuel Parra
Batting: LHB Bill McJannett 0-0: Called Strike
0-1: Fly out, F4 (Line Drive, 4)
Batting: LHB Bob Martin 0-0: Called Strike
0-1: Foul Ball, location: 2F
0-2: Ball
1-2: Ball
2-2: Ball
3-2: DOUBLE (Groundball, 3L)
Batting: LHB Francisco Calderón 0-0: Ball
1-0: Ball
2-0: Ball
3-0: Base on Balls
Pinch Hitting: RHB Tae-kwon Kwon 0-0: Ball
1-0: Foul Ball, location: 2F
1-1: Foul Ball, location: 2F
1-2: Ball
2-2: Ball
3-2: Grounds into double play, 5-4-3 (Groundball, 56)
Top of the 8th over - 0 runs, 1 hit, 0 errors, 1 left on base; Kalamazoo 6 - Kansas City 4
BOTTOM OF THE 8TH
Kansas City Kings batting - Pitching for Kalamazoo Royale with Cheese : RHP Armen Boyajian
Now at SS: Bob Noble
Batting: RHB Oliver Lugo 0-0: SINGLE (Groundball, 56D)
Pitching: LHP Carlos Thomas
Batting: LHB Ron Crawford 0-0: Ball
1-0: Called Strike
1-1: Fielders Choice at 2nd, 4-6 (Groundball, 4)
Pitching: RHP Roberto Ledesma
Batting: RHB Cy Keynes 0-0: Ball
1-0: Ground out 4-3 (Groundball, 4S)
Ron Crawford to second
Pitching: LHP Manuel Herrera
Batting: LHB Luis González 0-0: Ball
1-0: Ball
2-0: Called Strike
2-1: Ball
3-1: Foul Ball, location: 2F
3-2: Base on Balls
Batting: LHB Greg Schultz 0-0: Ball
1-0: Swinging Strike
1-1: Fly out, F4 (Popup, 13)
Bottom of the 8th over - 0 runs, 1 hit, 0 errors, 2 left on base; Kalamazoo 6 - Kansas City 4
TOP OF THE 9TH
Kalamazoo Royale with Cheese batting - Pitching for Kansas City Kings : LHP Manuel Parra
Batting: LHB Javier Espinoza 0-0: Foul Ball, location: 2F
0-1: Called Strike
0-2: Ball
1-2: Ball
2-2: Strikes out swinging
Pitching: RHP Alberto Bonilla
Batting: SHB Caden Keith 0-0: Called Strike
0-1: Called Strike
0-2: Ball
1-2: Foul Ball, location: 2F
1-2: Ball
2-2: Ball
3-2: Fly out, F6 (Popup, 6MD)
Batting: LHB Vincente Sáenz 0-0: Called Strike
0-1: Swinging Strike
0-2: Foul Ball, location: 2F
0-2: Ball
1-2: Strikes out swinging
Top of the 9th over - 0 runs, 0 hits, 0 errors, 0 left on base; Kalamazoo 6 - Kansas City 4
BOTTOM OF THE 9TH
Kansas City Kings batting - Pitching for Kalamazoo Royale with Cheese : LHP Manuel Herrera
Batting: RHB Gregg Nelson 0-0: Ball
1-0: Called Strike
1-1: Swinging Strike
1-2: Ball
2-2: Ball
3-2: Base on Balls
Batting: RHB Chris Chandler 0-0: Ball
1-0: Ball
2-0: Fielders Choice at 2nd, 6-4 (Groundball, 6)
Batting: SHB Douglas Taylor 0-0: Called Strike
0-1: Ball
1-1: Ball
2-1: Swinging Strike
2-2: Strikes out swinging
Batting: RHB Toshimichi Kono 0-0: Fly out, F7 (Line Drive, 78S)
Bottom of the 9th over - 0 runs, 0 hits, 0 errors, 1 left on base; Kalamazoo 6 - Kansas City 4
Saturday, December 16th, 2017 - OOTP Baseball 18.8 Build 76